cohdb
Replays
Latest Replays
All Replays
Popular Replays
Top Player Replays
Match Explorer
How It Works
Community
CoH3 Stats
Reddit
Sign in to upload your games and track your stats! →
Sign in with Steam
Match 43315073
Unlisted
Match 43315073
Overview
Messages
Build Orders
End
Construct Infanterie Kompanie
Grenadier Squad
Selects Breakthrough Battlegroup
Selects Assault Grenadiers
Grenadier Squad
MG 42 Machine Gun Team
Grenadier Squad
Infanterie Officer Quarters
Construct Panzergrenadier Kompanie
Pak 40 Anti-tank Gun Team
Support Elements
Grenadier Squad
MG 42 Machine Gun Team
Medical Station
StuG III G Assault Gun
StuG III G Assault Gun
Panzergrenadier Officer Quarters
Construct Luftwaffe Kompanie
Selects Rapid Production
Selects Blitzkrieg
Grenadier Squad
Pak 40 Anti-tank Gun Team
Selects Tiger Heavy Tank
Selects Tiger Heavy Tank
Tiger Heavy Tank
Pioneer Squad
Pioneer Squad
Blitzkrieg
StuG III G Assault Gun
Blitzkrieg
Selects Breakthrough
Selects Incendiary Bombing Run
Breakthrough
Meat Weapon
Royce
Lukylife
[NSFW] Cpt. Zedka 魔术师
0
0
Comments
sign in to comment!
No comments posted yet!